 Dungeon Crawl Stone Soup version 0.29.1-1-gd02db6906a (webtiles) character file.

Game seed: 9188043086361747736

95 Demigod47 the Shield-Bearer (level 4, -2/40 HPs)
             Began as a Hill Orc Fighter on Oct 6, 2022.
             Was a Follower of Cheibriados.
             Slain by Sigmund
             ... wielding a +0 scythe
              (5 damage)
             ... on level 3 of the Dungeon.
             The game lasted 00:08:55 (2042 turns).

Demigod47 the Shield-Bearer (Hill Orc Fighter)      Turns: 2042, Time: 00:08:56

Health: -2/40      AC:  7    Str: 23    XL:     4   Next: 66%
Magic:  4/4        EV: 13    Int: 11    God:    Cheibriados [*.....]
Gold:   179        SH:  0    Dex: 13    Spells: 3/3 levels left

rFire   . . .      SeeInvis .   a - +0 war axe
rCold   . . .      Faith    .   c - +0 buckler
rNeg    . . .      Spirit   .   b - +0 scale mail
rPois   .          Reflect  .   (no helmet)
rElec   .          Harm     .   (no cloak)
rCorr   .          Rampage  .   (no gloves)
Will    .....                   (no boots)
Stlth   ..........              j - amulet of magic regeneration
HPRegen 0.13/turn               q - +4 ring of evasion
MPRegen 0.49/turn               (no ring)

@: confused, very slow
A: no striking features
a: Renounce Religion, Bend Time


You were on level 3 of the Dungeon.
You worshipped Cheibriados.
Cheibriados was aware of your devotion.
You visited 1 branch of the dungeon, and saw 3 of its levels.

You collected 179 gold pieces.

Inventory:

Hand Weapons
 a - a +0 war axe (weapon)
Missiles
 e - 34 stones (quivered)
 n - 4 poisoned darts
Armour
 b - a +0 scale mail (worn)
 c - a +0 buckler (worn)
Jewellery
 j - an amulet of magic regeneration (around neck)
 q - a +4 ring of evasion (left hand)
Scrolls
 f - a scroll of acquirement {unknown}
 g - 2 scrolls of blinking {unknown}
 h - a scroll of brand weapon {unknown}
 i - 2 scrolls of identify {unknown}
 m - a scroll of fog {unknown}
 o - a scroll of fear {unknown}
 r - a scroll of enchant weapon {unknown}
 s - a scroll of enchant armour {unknown}
 t - a scroll of noise {unknown}
 u - a scroll of amnesia {unknown}
Potions
 d - a potion of might
 l - a potion of lignification


   Skills:
 + Level 4.0 Fighting
 + Level 4.0 Axes
 + Level 4.0 Armour
 + Level 0.6 Dodging
 + Level 4.1 Shields


You had 3 spell levels left.
You didn't know any spells.
Your spell library contained the following spells:

 Spells                   Type           Power      Damage    Failure   Level
 Inner Flame              Hex/Fire       0%         N/A       98%         3
 Cause Fear               Hex            0%         N/A       100%        4
 Discord                  Hex            0%         N/A       100%        8


Dungeon Overview and Level Annotations

Branches:
Dungeon (3/15)

Altars:
Cheibriados
Fedhas
Okawaru
Qazlal
Sif Muna
Zin

Annotations:
D:3 Sigmund


Message History

You hear some strange, mumbled words.
A puff of flame appears from out of thin air!
The puff of flame hits you but does no damage.
Something hits you.
* * * LOW HITPOINT WARNING * * *
Your extra speed is starting to run out.
Something hits you but does no damage.
Your transformation is almost over.
Something hits you but does no damage.
Sigmund appears from thin air!
Reactivating autopickup.
Sigmund hits you but does no damage.
You feel less confused.
You feel yourself slow down.
Sigmund casts a spell.
Sigmund flickers and vanishes!
Deactivating autopickup; reactivate with Ctrl-A.
You hear some strange, mumbled words.
Something tries to affect you, but you resist.
You feel less attractive to monsters.
You hear some strange, mumbled words.
A magic dart appears from out of thin air!
The magic dart hits you but does no damage.
Something hits you but does no damage. You block something's attack.
You feel less wooden.
Your +0 scale mail unmelds from your body.
Something hits you.
* * * LOW HITPOINT WARNING * * *
You hear some strange, mumbled words.
You are confused.
Okay, then.
You are too confused!
You hear some strange, mumbled words.
A magic dart appears from out of thin air!
The magic dart hits you but does no damage.
Something hits you but does no damage. Something completely misses you.
Something hits you.
You die...

### #.# #.# # #.# .#
#.#############.# ##
#...............# .#
#.######...#....#
.####.######...#.##.#
.........#.....#@{..#
.####.##.#.#...#..#.....#
...............#....#....
...............##.......>
...............#8........
8#.............##...###.
.##............##....
..##...........##...##
.###...........# .$.#


There were no monsters in sight!

Vanquished Creatures
  4 adders
  2 worms (D:2)
  2 dart slugs (D:2)
  8 ball pythons
  3 endoplasms
  2 hobgoblins
  4 jackals (D:2)
  2 quokkas
  2 bats
  10 frilled lizards
  7 kobolds
  7 rats
53 creatures vanquished.

Vanquished Creatures (others)
  19 plants (D:2)
19 creatures vanquished.

Grand Total: 72 creatures vanquished

Notes
Turn   | Place    | Note
-------+----------+-------------------------------------------
     0 | D:1      | Demigod47 the Hill Orc Fighter began the quest for the Orb.
     0 | D:1      | Reached XP level 1. HP: 19/19 MP: 1/1
    63 | D:1      | You fall into a shaft and drop 1 floor!
   184 | D:2      | Reached XP level 2. HP: 27/27 MP: 2/2
   704 | D:2      | Found a glowing silver altar of Zin.
   738 | D:2      | Reached XP level 3. HP: 28/33 MP: 3/3
   992 | D:2      | Reached XP level 4. HP: 33/40 MP: 4/4
  1705 | D:3      | Found a faded altar of an unknown god.
  1710 | D:3      | Found a shimmering blue altar of Sif Muna.
  1716 | D:3      | Prayed at the altar of an unknown god.
  1716 | D:3      | Became a worshipper of Cheibriados the Contemplative
  1716 | D:3      | Reached * piety under Cheibriados
  1783 | D:3      | Found a blossoming altar of Fedhas.
  1828 | D:3      | Found an iron altar of Okawaru.
  1828 | D:3      | Found a stormy altar of Qazlal.
  1961 | D:3      | Noticed Sigmund
  2037 | D:3      | HP: 2/40 [something (6)]
  2042 | D:3      | Slain by Sigmund

Illustrated notes

Levels and vault maps discovered:
D:1:      dpeg_arrival_ternary, layout_rooms, grunt_decor_mini_mirrors,
          minmay_misc_feat_chi, minmay_misc_feat_cross
D:2:      minmay_angry_zag, layout_basic, basic_altar, serial_bayou_lagoon_a,
          minmay_lizard_king
D:3:      layout_basic, jmf_multi_god_temple, nicolae_overflow_ecumenical_swirl,
          lemuel_zombie_altar_kikubaaqudgha,
          mainiacjoe_overflow_six_doors_small, serial_corexii_hall,
          chequers_hall_statues_wall_a, corexii_hall_statues_i, uniq_ijyb,
          uniq_terence, uniq_sigmund

Skill      XL: |  1  2  3  4 |
---------------+-------------+-----
Axes           | 3 4 |  4.0
Fighting       | 4 |  4.0
Shields        | 4 |  4.1
Armour         | 4 |  4.0
Dodging        | |  0.6

Action                   |  1- 3 |  4- 6 || total
-------------------------+-------+-------++-------
Melee: War axe           |    90 |    58 ||   148
Invok: Bend Time         |       |     1 ||     1
  Use: Potion            |     1 |     3 ||     4
Armor: Scale mail        |    44 |    34 ||    78
       Skin              |       |    16 ||    16
Dodge: Dodged            |    52 |    32 ||    84
Block: Buckler           |    40 |    19 ||    59
